 Dungeon Crawl Stone Soup version 0.17-a0-1115-g0372368 (console) character file.

29 Monkaria the Skirmisher (level 3, 26/30 HPs)
             Began as a Demonspawn Chaos Knight on May 23, 2015.
             Quit the game on level 1 of the Dungeon.
             The game lasted 00:00:41 (756 turns).

Monkaria the Skirmisher (Demonspawn Chaos Knight)    Turns: 756, Time: 00:00:41

Health: 26/30      AC:  5    Str: 13    XL:     3   Next: 1%
Magic:  3/3        EV: 11    Int: 13    God:    Xom [..*...]
Gold:   54         SH:  0    Dex: 12    Spells: 0 memorised, 2 levels left

rFire  . . .     SeeInvis .     a - +0 falchion (chaos)
rCold  . . .     Clarity  .     b - +2 leather armour
rNeg   . . .     SustAt   .     (no shield)
rPois  .         Gourm    .     (no helmet)
rElec  .         Spirit   +     (no cloak)
rCorr  .         Warding  .     (no gloves)
rMut   .         Stasis   .     (no boots)
MR     .....                    (no amulet)
Stlth  +.........               (no ring)
                                (no ring)

@: not resistant to hostile enchantments, very unstealthy
A: talons 1, magic shield
a: Renounce Religion


You were on level 1 of the Dungeon.
You worshipped Xom.
You were a toy of Xom.
You were not hungry.

You visited 1 branch of the dungeon, and saw 1 of its levels.

You collected 54 gold pieces.

Inventory:

Hand weapons
 a - a +0 falchion of chaos (weapon)
Armour
 b - a +2 leather armour (worn)
Scrolls
 d - 2 scrolls of magic mapping {unknown}
 e - 2 scrolls of immolation {unknown}
 g - a scroll of remove curse {unknown}
Comestibles
 c - a bread ration
 f - a beef jerky


   Skills:
 - Level 4.0 Fighting
 - Level 2.6 Long Blades
 + Level 2.0 Armour
 - Level 0.8 Dodging


You had 2 spell levels left.
You didn't know any spells.

Dungeon Overview and Level Annotations

Branches:
Dungeon (1/15)

Altars:


Innate Abilities, Weirdness & Mutations

You have sharp toenails.
When hurt, damage is shared between your health and your magic reserves.


Message History

You kill the goblin!
You closely miss the ball python. The ball python bites you.
The ball python grabs you. The ball python constricts you.
You closely miss the ball python.
The ball python bites you but does no damage.
The ball python constricts you. The hobgoblin barely misses you.
The ball python bites you but does no damage.
The ball python constricts you.
You slash the ball python!
You kill the ball python!
Your Armour skill increases to level 2!
The hobgoblin barely misses you.
You hit the hobgoblin.
You kill the hobgoblin!
You have reached level 3!
Your experience leads to an increase in your attributes!
Increase (S)trength, (I)ntelligence, or (D)exterity?
You feel stronger.
Your demonic ancestry asserts itself...
Your toenails lengthen and sharpen.
Are you sure you want to abandon this character and quit the game? (Confirm with "yes".)

.............#
.............. ##.##
$...........#.# #.....
............#..# .....
............##.## .....
...............###.....
..###.).....# #....##.##
......)@..# #....##.##
#########.# #.)...)... #.#
#......... #.#####..##.....
####♣####...............
##.......######.#(.###.#.
##.#######.## #..(.......
### ##.##.....##.##
#..#.(##... ..#
#.##.#####.##.###..#.......


There were no monsters in sight!

Vanquished Creatures
  An ooze (D:1)
  2 bats (D:1)
  2 hobgoblins (D:1)
  4 jackals (D:1)
  2 ball pythons (D:1)
  A giant cockroach (D:1)
  A giant newt (D:1)
  4 goblins (D:1)
  6 kobolds (D:1)
  2 rats (D:1)
25 creatures vanquished.

Notes
Turn   | Place    | Note
--------------------------------------------------------------
     0 | D:1      | Monkaria the Demonspawn Chaos Knight began the quest for the Orb.
     0 | D:1      | Reached XP level 1. HP: 18/18 MP: 1/1
   126 | D:1      | Gained mutation: When hurt, damage is shared between your health and your magic reserves. [demonic ancestry]
   126 | D:1      | Reached XP level 2. HP: 21/24 MP: 2/2
   262 | D:1      | XOM: harmless Air miscast
   307 | D:1      | Reached skill level 4 in Fighting
   548 | D:1      | XOM: divination: magic mapping
   755 | D:1      | Gained mutation: You have sharp toenails. [demonic ancestry]
   755 | D:1      | Reached XP level 3. HP: 26/30 MP: 3/3
   756 | D:1      | Quit the game

Vault maps used:
D:1:      nagdon_arrival_double_spiral, kennysheep_crisscross

Action                   || total
-------------------------++-------
Melee: Falchion          ||    73
